 Dungeon Crawl Stone Soup version 0.30-a0-374-g95c0257040 (webtiles) character file.

Game seed: 15091055730476937136

130 pokeman the Magician (level 4, -4/25 HPs)
             Began as a Deep Elf Hedge Wizard on Nov 26, 2022.
             Killed from afar by an orc wizard (5 damage)
             ... with a puff of flame
             ... on level 3 of the Dungeon.
             The game lasted 00:03:51 (3432 turns).

pokeman the Magician (Deep Elf Hedge Wizard)        Turns: 3432, Time: 00:03:52

Health: -4/25      AC:  5    Str:  7    XL:     4   Next: 89%
Magic:  2/13       EV: 12    Int: 21    God:
Gold:   158        SH:  0    Dex: 14    Spells: 6/14 levels left

rFire   . . .      SeeInvis .    a - +0 dagger
rCold   . . .      Faith    .    (no shield)
rNeg    . . .      Spirit   .    f - +0 leather armour
rPois   .          Reflect  .    g - +0 helmet
rElec   .          Harm     .    (no cloak)
rCorr   .          Rampage  .    (no gloves)
Will    +....                    j - +0 pair of boots
Stlth   ++........               (no amulet)
HPRegen 0.24/turn                c - ring of willpower
MPRegen 0.13/turn                (no ring)

@: very slightly contaminated
A: no striking features
a: no special abilities


You were on level 3 of the Dungeon.
You visited 1 branch of the dungeon, and saw 3 of its levels.

You collected 158 gold pieces.

Inventory:

Hand Weapons
 a - a +0 dagger (weapon)
Armour
 f - a +0 leather armour (worn)
 g - a +0 helmet (worn)
 j - a +0 pair of boots (worn)
Magical Staves
 i - a staff of fire
Jewellery
 c - a ring of willpower (left hand)
Scrolls
 b - 2 scrolls of identify {unknown}
 e - a scroll of poison {unknown}
 l - a scroll of amnesia {unknown}
 o - a scroll of teleportation {unknown}
 p - a scroll of vulnerability {unknown}
 q - a scroll of fear {unknown}
Potions
 d - a potion of magic
 h - a potion of curing {unknown}
 k - a potion of flight {unknown}
 m - a potion of berserk rage {unknown}
 n - a potion of brilliance {unknown}
 r - a potion of lignification {unknown}


   Skills:
 - Level 1.0 Fighting
 - Level 1.0 Armour
 - Level 3.0 Dodging
 + Level 2.4 Stealth
 * Level 5.9 Spellcasting
 + Level 2.4 Conjurations
 - Level 1.1 Summonings
 - Level 1.1 Translocations
 + Level 0.0 Poison Magic
 - Level 1.0 Evocations


You had 6 spell levels left.
You knew the following spells:

 Your Spells              Type           Power      Damage    Failure   Level
a - Magic Dart            Conj           64%        1d6       5%          1
b - Mephitic Cloud        Conj/Pois/Air  9%         N/A       30%         3
c - Call Imp              Summ           10%        N/A       14%         2
d - Blink                 Tloc           20%        N/A       14%         2

Your spell library contained the following spells:

 Spells                   Type           Power      Damage    Failure   Level
 Slow                     Hex            24%        N/A       14%         1
 Cigotuvi's Dreadful Rot  Necr/Pois/Air  12%        N/A       22%         2


Dungeon Overview and Level Annotations

Branches:
Dungeon (3/15)

Altars:


Message History

Press: ? - help, Shift-Dir - straight line, f/p - orc wizard
Aim: an orc wizard, wielding a +0 dagger and wearing a +0 robe (severely wounded, 100% to hit)
The magic dart hits the orc wizard.
The orc wizard is severely wounded.
Casting: Magic Dart (safe; 5% risk of failure)
Confirm with . or Enter, or press ? or * to list all spells.
Aiming: Magic Dart (safe; 5% risk of failure)
Press: ? - help, Shift-Dir - straight line, f/p - orc wizard
Aim: an orc wizard, wielding a +0 dagger and wearing a +0 robe (severely wounded, 100% to hit)
The magic dart hits the orc wizard.
The orc wizard is severely wounded.
Casting: Magic Dart (safe; 5% risk of failure)
Confirm with . or Enter, or press ? or * to list all spells.
The spell is extremely dangerous to miscast (30% risk of failure)!
Continue anyway?
Aiming: Mephitic Cloud (extremely dangerous; 30% risk of failure)
Press: ? - help, Shift-Dir - straight line, f/p - orc wizard
Aim: an orc wizard, wielding a +0 dagger and wearing a +0 robe (severely wounded, chance to affect: 86%)
You miscast Mephitic Cloud.
Energy rips through your body.
Unknown command.
Casting: Mephitic Cloud (extremely dangerous; 30% risk of failure)
Confirm with . or Enter, or press ? or * to list all spells.
The spell is extremely dangerous to miscast (30% risk of failure)!
Continue anyway?
Aiming: Mephitic Cloud (extremely dangerous; 30% risk of failure)
Press: ? - help, Shift-Dir - straight line, f/p - orc wizard
Aim: an orc wizard, wielding a +0 dagger and wearing a +0 robe (severely wounded, chance to affect: 86%) That beam is likely to hit you.
Continue anyway?
You miscast Mephitic Cloud.
Nothing appears to happen.
The orc wizard casts a spell at you. The puff of flame hits you!
The orc hits you but does no damage.
The orc wizard attacks as you move away!
The orc wizard hits you with a +0 dagger.
* * * LOW HITPOINT WARNING * * *
The orc attacks as you move away! The orc barely misses you.
The orc wizard casts a spell at you. The magic dart hits you.
* * * LOW HITPOINT WARNING * * *
The orc attacks as you move away! The orc closely misses you.
The orc wizard gestures at you while chanting.
The puff of flame hits you.
You die...

#.# #.# #.# #.# #####.#
......####
#####....########### #.
#.....>.......o####..:.
####........@.o........
###########.o....###
########


You could see an orc wizard and 2 orcs.

Vanquished Creatures
  An orc wizard (D:3)
  4 adders (D:2)
  2 worms
  2 orcs (D:3)
  5 endoplasms
  4 goblins
  6 hobgoblins
  A jackal (D:3)
  A quokka (D:2)
  2 ball pythons (D:1)
  7 bats
  5 frilled lizards
  9 kobolds
  4 rats
53 creatures vanquished.

Vanquished Creatures (collateral kills)
  A worm (D:2)
  An orc (D:3)
  2 jackals (D:3)
4 creatures vanquished.

Grand Total: 57 creatures vanquished

Notes
Turn   | Place    | Note
-------+----------+-------------------------------------------
     0 | D:1      | pokeman the Deep Elf Hedge Wizard began the quest for the
                  | Orb.
     0 | D:1      | Reached XP level 1. HP: 10/10 MP: 7/7
   370 | D:1      | Reached XP level 2. HP: 16/16 MP: 2/9
  1214 | D:2      | Reached skill level 5 in Spellcasting
  1461 | D:2      | Reached XP level 3. HP: 20/20 MP: 5/11
  1465 | D:2      | Learned a level 3 spell: Mephitic Cloud
  1468 | D:2      | Learned a level 2 spell: Call Imp
  1471 | D:2      | Learned a level 2 spell: Blink
  1903 | D:2      | Reached skill level 1 in Fighting
  2043 | D:2      | Reached skill level 1 in Armour
  2132 | D:2      | Reached XP level 4. HP: 25/25 MP: 7/13
  2799 | D:3      | Noticed a great orb of eyes
  2801 | D:3      | Found a faded altar of an unknown god.
  2802 | D:3      | Noticed a great orb of eyes
  2802 | D:3      | Noticed an eye of devastation
  2802 | D:3      | Noticed a floating eye
  3103 | D:3      | Reached skill level 1 in Evocations
  3431 | D:3      | HP: 1/25 [orc wizard/magic dart (5)]
  3432 | D:3      | Killed from afar by an orc wizard

Illustrated notes

Levels and vault maps discovered:
D:1:      amcnicky_arrival_flooded_fountain, layout_basic
D:2:      layout_loops_corners
D:3:      layout_loops_ring, hellmonk_ecumenical_altar_watching_god

Skill      XL: |  1  2  3  4 |
---------------+-------------+-----
Spellcasting   | 5 |  5.9
Fighting       | 1 |  1.0
Armour         | 1 |  1.0
Conjurations   | 2 |  2.4
Dodging        | 3 |  3.0
Evocations     | 1 |  1.0
Stealth        | |  2.4
Summonings     | |  1.1
Translocations | |  1.1

Action                   |  1- 3 |  4- 6 || total
-------------------------+-------+-------++-------
Melee: Dagger            |     1 |     5 ||     6
 Cast: Magic Dart        |   104 |    56 ||   160
       Call Imp          |     1 |     2 ||     3
       Mephitic Cloud    |       |     1 ||     1
Armor: Leather armour    |     3 |     6 ||     9
Dodge: Dodged            |    11 |    12 ||    23

Table legend: (Time is in decaauts)
 A = Elapsed time spent in this place.
 B = Non-inter-level travel time spent in this place.
 C = Inter-level travel time spent in this place.
 D = Time resting spent in this place.
 E = Time spent auto-exploring this place.
 F = Levels seen in this place.
 G = Mean time per level.
                   A        B        C        D        E       F      G
               +--------+--------+--------+--------+--------+-----+--------+
         Total |   3431 |   3332 |     99 |      0 |   2947 |   3 | 1143.7 |
       Dungeon |   3431 |   3332 |     99 |      0 |   2947 |   3 | 1143.7 |
               +--------+--------+--------+--------+--------+-----+--------+

Top non-repeatable levels by time:
     D:2: 1453 daAuts
     D:1: 1146 daAuts
     D:3: 830 daAuts
